 Dungeon Crawl Stone Soup version 0.25-a0-410-g53dbb631d1 (webtiles) character file.

Game seed: 3126023521436388420, levelgen mode: deterministic

75 DerDa the Skirmisher (level 4, -3/29 HPs)
             Began as a Gargoyle Berserker on Jan 13, 2020.
             Was a Believer of Trog.
             Slain by a mummy (11 damage)
             ... in an ossuary.
             The game lasted 00:04:04 (1255 turns).

DerDa the Skirmisher (Gargoyle Berserker)           Turns: 1255, Time: 00:04:04

Health: -3/29      AC:  9    Str: 21    XL:     4   Next: 31%
Magic:  4/4        EV: 11    Int:  8    God:    Trog [**....]
Gold:   72         SH:  0    Dex:  9    Spells: 3/3 levels left

rFire    . . .     SeeInvis .   n - +0 whip
rCold    . . .     Gourm    .   (no shield)
rNeg     + . .     Faith    .   u - +0 ring mail
rPois    ∞         Spirit   .   (no helmet)
rElec    +         Reflect  .   (no cloak)
rCorr    +         Harm     .   s - +0 pair of gloves
MR       .....                  r - -2 pair of boots (curse)
Stlth    ..........             (no amulet)
HPRegen  0.09/turn              i - ring of resist corrosion
MPRegen  0.09/turn              (no ring)

@: no status effects
A: negative energy resistance 1, electricity resistance, unbreathing,
petrification resistance, rot immunity, AC +3
a: Berserk, Trog's Hand, Renounce Religion


You were in an ossuary.
You worshipped Trog.
Trog was pleased with you.
You were not hungry.

You visited 1 branch of the dungeon, and saw 3 of its levels.
You also visited: Ossuary.

You collected 72 gold pieces.

Inventory:

Hand Weapons
 a - a +0 mace
 d - a +0 hunting sling
 n - a +0 whip (weapon)
Missiles
 o - 4 atropa-tipped darts (quivered)
 p - 17 stones
Armour
 b - a +0 animal skin
 r - a cursed -2 pair of boots (worn)
 s - a +0 pair of gloves (worn)
 u - a +0 ring mail (worn)
Jewellery
 i - a ring of resist corrosion (left hand)
Scrolls
 e - 2 scrolls of enchant weapon {unknown}
 l - 2 scrolls of remove curse {unknown}
 m - 3 scrolls of identify {unknown}
 q - a scroll of teleportation {unknown}
Potions
 f - 2 potions of resistance {unknown}
 h - 2 potions of brilliance {unknown}
 j - a potion of flight {unknown}
 k - a potion of mutation {unknown}
 t - 2 potions of heal wounds {unknown}
 v - a potion of invisibility {unknown}
 w - a potion of magic {unknown}
 x - a potion of curing {unknown}
 z - a potion of haste {unknown}
Comestibles
 c - 2 rations
 g - 2 chunks of flesh


   Skills:
 * Level 4.2 Fighting
 + Level 3.3 Maces & Flails
 + Level 2.8 Armour
 * Level 2.3 Dodging


You had 3 spell levels left.
You didn't know any spells.
Your spell library was empty.

Dungeon Overview and Level Annotations

Branches:
Dungeon (4/15)            Ossuary (1/1)
 Temple: D:4-7

Altars:


Innate Abilities, Weirdness & Mutations

You are resistant to torment.
Your stone body is resilient. (AC +3)
You are immune to poison.
You resist negative energy. (rN+)
You are resistant to electric shocks. (rElec)
You can survive without breathing.
You are immune to petrification.
You are immune to rotting.


Message History

You barely miss the mummy.
The mummy is heavily damaged.
Your ring mail prevents you from hitting the mummy.
The mummy is heavily damaged.
The mummy misses you.
You hit the mummy but do no damage.
The mummy is heavily damaged.
You hit the mummy.
The mummy is heavily damaged.
The mummy hits you.
You hit the mummy.
The mummy is severely damaged.
The mummy hits you!
* * * LOW HITPOINT WARNING * * *
You barely miss the mummy.
The mummy is heavily damaged.
You closely miss the mummy.
The mummy is heavily damaged.
The mummy hits you!
You die...

#...###∩#
+....'..#
#...###∩#
##'## ###
#.# ##.#
##+# ##..#
##...##..##
+..?M@'.##
##...####
##+#


You could see a mummy.

Vanquished Creatures
  3 adders (D:2)
  2 leopard geckos (D:2)
  4 giant cockroaches (D:1)
  7 goblins
  4 hobgoblins
  3 jackals (D:2)
  A ball python (D:1)
  6 bats
  A frilled lizard (D:2)
  A gnoll skeleton (Ossuary)
  5 kobolds
  An orc skeleton (Ossuary)
  6 rats
44 creatures vanquished.

Notes
Turn   | Place    | Note
-------+----------+-------------------------------------------
     0 | D:1      | DerDa the Gargoyle Berserker began the quest for the Orb.
     0 | D:1      | Reached XP level 1. HP: 14/14 MP: 1/1
    76 | D:1      | Reached XP level 2. HP: 17/19 MP: 2/2
   587 | D:1      | Reached ** piety under Trog
   587 | D:1      | Reached XP level 3. HP: 16/24 MP: 3/3
   829 | D:2      | Reached skill level 4 in Fighting
   972 | D:2      | Reached XP level 4. HP: 24/29 MP: 4/4
  1205 | D:2      | You fall into a shaft and drop 2 floors!
  1215 | D:4      | Found a sand-covered staircase.
  1220 | Ossuary  | Entered an ossuary
  1255 | Ossuary  | Slain by a mummy

Levels and vault maps discovered:
D:1:      roderic_dead_forest, layout_basic, minmay_pentomino_z4
D:2:      layout_basic, minmay_between
D:4:      layout_cave_pools, chequers_temple_overflow_statue_of_worship,
          minmay_temple_entry_butterflies, first_ration,
          nicolae_ossuary_entry_false_entrances, item_on_display_a
Ossuary:  ossuary_due_small_catacomb

Skill      XL: |  1  2  3 |
---------------+----------+-----
Dodging        | 2 |  2.3
Fighting       | 4 |  4.2
Maces & Flails | |  3.3
Armour         | |  2.8

Action                   |  1- 3 |  4- 6 || total
-------------------------+-------+-------++-------
Melee: Mace              |    49 |       ||    49
       Whip              |    98 |    55 ||   153
  Eat: Chunk             |       |     1 ||     1
Armor: Animal skin       |    38 |       ||    38
       Ring mail         |    28 |    20 ||    48
Dodge: Dodged            |   108 |    27 ||   135

Table legend:
 A = Non-vault XP
 B = Vault XP
 C = Vault XP percentage of total XP
 D = Non-vault monster count
 E = Vault monster count
 F = Vault count percentage of total count
                 A         B        C        D         E       F
            +---------+---------+-------+---------+---------+-------
      Total |     101 |       7 |   6.5 |      38 |       6 |  13.6
            +---------+---------+-------+---------+---------+-------
        D:1 |      35 |       5 |  12.5 |      21 |       4 |  16.0
        D:2 |      66 |       0 |   0.0 |      17 |       0 |   0.0
    Ossuary |       0 |       2 | 100.0 |       0 |       2 | 100.0
            +---------+---------+-------+---------+---------+-------
